 Dungeon Crawl Stone Soup version 0.24.0-13-gcf9b319 (webtiles) character file.

Game seed: 1588177271022875894, levelgen mode: deterministic

22328 Fang the Fighter (level 12, -4/80 HPs)
             Began as a Gargoyle Berserker on Nov 18, 2019.
             Was a High Priest of Trog.
             Blown up by an eye of devastation (34 damage)
             ... with a bolt of energy
             ... in a Gauntlet.
             The game lasted 00:20:32 (15349 turns).

Fang the Fighter (Gargoyle Berserker)              Turns: 15349, Time: 00:20:33

Health: -4/80      AC: 26    Str: 25    XL:     12   Next: 99%
Magic:  4/4        EV:  9    Int:  9    God:    Trog [*****.]
Gold:   873        SH: 12    Dex:  9    Spells: 11/11 levels left

rFire    . . .     SeeInvis .   o - +3 broad axe (antimagic)
rCold    . . .     Gourm    .   h - +0 shield
rNeg     + + .     Faith    .   b - +1 plate armour
rPois    ∞         Spirit   .   p - +2 hat
rElec    +         Reflect  .   (no cloak)
rCorr    .         Harm     .   (no gloves)
MR       +++..     NoTele   +   (no boots)
Stlth    ..........             (no amulet)
HPRegen  1.23/turn              E - ring of stealth
MPRegen  0.09/turn              z - ring "Loal" {rN+ MR+ Stlth+}

@: regenerating
A: negative energy resistance 1, electricity resistance, unbreathing,
petrification resistance, rot immunity, AC +8
a: Berserk, Trog's Hand, Brothers in Arms, Renounce Religion


You were in a Gauntlet.
You worshipped Trog.
Trog was extremely pleased with you.
You were not hungry.

You visited 3 branches of the dungeon, and saw 15 of its levels.
You also visited: Gauntlet.

You collected 873 gold pieces.

Inventory:

Hand Weapons
 a - a +0 war axe
 o - a +3 antimagic broad axe (weapon)
Armour
 b - a +1 plate armour (worn)
 h - a +0 shield (worn)
 p - a +2 hat (worn)
Jewellery
 e - an uncursed ring of protection from cold
 f - an uncursed ring of magical power {unknown}
 l - an uncursed ring of flight
 z - the ring "Loal" (right hand) {rN+ MR+ Stlth+}
   (You found it on level 6 of the Dungeon)

   [ring of stealth]

   It protects you from negative energy.
   It affects your resistance to hostile enchantments.
   It makes you more stealthy.
 E - a ring of stealth (left hand)
Wands
 w - a wand of iceblast (6)
 y - a wand of flame (11)
 D - a wand of paralysis (9)
 G - a wand of clouds (15)
 J - a wand of random effects (20)
 L - a wand of polymorph (5)
Scrolls
 g - a scroll of blinking
 i - 2 scrolls of identify
 j - 3 scrolls of fog
 m - 6 scrolls of remove curse
 n - a scroll of noise {unknown}
 q - 2 scrolls of teleportation
 v - a scroll of magic mapping
Potions
 d - 2 potions of berserk rage
 k - 2 potions of flight
 r - 6 potions of haste
 s - a potion of invisibility
 t - 3 potions of curing
 u - 2 potions of heal wounds
 B - a potion of magic
 F - 2 potions of cancellation {unknown}
 H - a potion of lignification {unknown}
Comestibles
 c - 17 rations


   Skills:
 + Level 11.1 Fighting
 + Level 9.4 Axes
 + Level 10.8 Armour
 + Level 8.4 Dodging
 + Level 9.8 Shields


You had 11 spell levels left.
You didn't know any spells.
Your spell library was empty.

Dungeon Overview and Level Annotations

Branches:
Dungeon (12/15)            Temple (1/1) D:4            Lair (2/6) D:9
  Snake (0/4) Lair:2          Orc (0/2) D:9         Gauntlet (1/1)
  Swamp: Lair:2-4    Shoals: Lair:2-4

Altars:
Ashenzari
Elyvilon
Gozag
Hepliaklqana
Makhleb
Okawaru
Qazlal
Ru
Uskayaw
Vehumet
Yredelemnul

Shops:
D:7 ?

Annotations:
D:8 Maurice
Lair:2 exclusion: 3 oklob plants Gauntlet 15 transporters, 21 runed translucent doors, exclusion: oklob plant


Innate Abilities, Weirdness & Mutations

You are resistant to torment.
Your stone body is resilient. (AC +8)
You are immune to poison.
You resist negative energy. (rN+)
You are resistant to electric shocks. (rElec)
You can survive without breathing.
You are immune to petrification.
You are immune to rotting.


Message History

The floating eye's stare focuses on you.
The eye of devastation gazes at you. The bolt of energy misses you.
The floating eye gazes piercingly through you!
You shrug off the repeated paralysis!
The eye of devastation enters a dispersal trap!
The floating eye blinks! x3; You blink.
The eye of devastation blinks!
You open the floating eye like a pillowcase!!!
You kill the floating eye!
Trog accepts your kill. The eye of devastation gazes at you.
The bolt of energy hits you!!
You are too injured to fight recklessly!
You are too injured to fight recklessly!
You are too injured to fight recklessly!
Your ogre goes berserk!
You feel somewhat more hungry. The eye of devastation gazes at you.
The bolt of energy hits you!!
You die...

.........©...........©#≈§≈≈8≈≈§≈#
#########.#######################
........#.#≈≈8≈≈#©.........©.....
........#.#######################
######..#.#..^.≈≈...#.#..!.©....#
8# #8#..#.#.≈≈≈.^≈≈.#.#.........#
## ###..#.#≈.≈G^≈..≈#.#.........#
#..#.#!.^≈≈.≈.≈#.#.........#
###..#©#©..≈^@≈≈^#.#....©....#
#8#..###[≈^≈≈G...#.#.........#
###....#..≈O.≈≈^.#.#.........#
#....#≈≈.≈≈.≈≈≈#.#.........#
###..#...^≈.©..#.#.........#
#8#..###########.###########
###.§.................©.....
#≈§.......................
###################.∩.####


You could see an eye of devastation, a floating eye and a friendly ogre
(berserk).

Vanquished Creatures
  Gastronok (Lair:1)
  Nessos (D:12)
  A two-headed ogre (D:12)
  Nergalle (D:12)
  An unseen horror (D:11)
  3 black mambas
  4 spiny frogs
  A gargoyle (D:12)
  A komodo dragon (Lair:1)
  A kobold demonologist (D:8)
  An ice devil (Gauntlet)
  2 trolls
  2 hornets (D:12)
  9 hippogriffs
  6 slime creatures (D:12)
  A wraith (D:10)
  A shadow (D:12)
  A basilisk (Lair:2)
  Grum (Lair:1)
  3 hogs (D:7)
  A human (D:7)
  A wyvern (D:10)
  6 yaks
  5 hungry ghosts
  A steam dragon (D:8)
  2 wargs (D:9)
  12 water moccasins
  An acid dragon (D:12)
  5 porcupines
  4 ice beasts
  A floating eye (Gauntlet)
  5 orc warriors
  2 sky beasts
  3 phantoms
  2 necrophages
  An eye of draining (D:12)
  5 wolves (Lair:1)
  6 ogres
  5 centaurs (D:12)
  2 crocodiles (Lair:1)
  4 big kobolds
  11 bullfrogs
  5 gnoll sergeants (D:9)
  3 scorpions
  5 killer bees (D:10)
  3 wights (D:11)
  2 howler monkeys
  2 crimson imps
  A bullfrog zombie (D:12)
  4 hounds
  2 jellies
  2 bullfrog skeletons
  6 orc priests
  5 iguanas
  Terence (D:2)
  4 worker ants
  12 orc wizards
  A hound zombie (D:6)
  2 hound skeletons (D:9)
  A worker ant zombie (D:9)
  Robin (D:2)
  16 gnolls
  15 adders
  A shadow imp (D:6)
  3 white imps (Gauntlet)
  An ooze (D:2)
  An adder zombie (D:9)
  2 adder skeletons
  A worm (D:2)
  3 dart slugs
  5 leopard geckos
  37 orcs
  A ball python (Lair:2)
  7 bats
  3 giant cockroaches
  16 goblins
  7 hobgoblins
  21 jackals
  4 quokkas
  A frilled lizard (D:1)
  9 kobolds
  A quokka zombie (D:9)
  5 rats
  A fungus (Lair:1)
  A plant (Lair:1)
351 creatures vanquished.

Vanquished Creatures (collateral kills)
  A big kobold (D:9)
  3 orcs (D:9)
4 creatures vanquished.

Vanquished Creatures (others)
  12 demonic plants (Gauntlet)
  3 fungi (Gauntlet)
  A plant (Lair:2)
  15 toadstools (Lair:2)
31 creatures vanquished.

Grand Total: 386 creatures vanquished

Notes
Turn   | Place    | Note
-------+----------+-------------------------------------------
     0 | D:1      | Fang the Gargoyle Berserker began the quest for the Orb.
     0 | D:1      | Reached XP level 1. HP: 14/14 MP: 1/1
   314 | D:1      | Reached XP level 2. HP: 19/19 MP: 2/2
   457 | D:1      | Reached XP level 3. HP: 19/23 MP: 3/3
  1030 | D:2      | Reached ** piety under Trog
  1130 | D:2      | Found a hazy altar of Hepliaklqana.
  1155 | D:2      | Found a faded altar of an unknown god.
  1162 | D:2      | Reached XP level 4. HP: 29/29 MP: 4/4
  1205 | D:2      | Found a shattered altar of Ashenzari.
  1282 | D:2      | Reached skill level 4 in Fighting
  1349 | D:2      | Noticed Terence
  1376 | D:2      | Killed Terence
  1376 | D:2      | Reached XP level 5. HP: 23/33 MP: 5/5
  1539 | D:2      | Noticed Robin
  1559 | D:2      | Killed Robin
  1872 | D:3      | Found a radiant altar of Vehumet.
  1925 | D:3      | Found an opulent altar of Gozag.
  2136 | D:3      | Found a white marble altar of Elyvilon.
  2136 | D:3      | Found an iron altar of Okawaru.
  2577 | D:4      | Found a staircase to the Ecumenical Temple.
  2588 | D:4      | Reached XP level 6. HP: 38/39 MP: 6/6
  2593 | Temple   | Entered the Ecumenical Temple
  2841 | D:4      | Reached skill level 5 in Fighting
  3033 | D:4      | Reached XP level 7. HP: 44/44 MP: 7/7
  3680 | D:5      | Entered Level 5 of the Dungeon
  3735 | D:5      | Found a sacrificial altar of Ru.
  4270 | D:5      | Reached skill level 1 in Shields
  4652 | D:6      | Got a translucent jade ring
  4654 | D:6      | Identified the ring "Loal" {rN+ MR+ Stlth+} (You found it
                  | on level 6 of the Dungeon)
  4737 | D:6      | Reached *** piety under Trog
  4811 | D:6      | Reached skill level 5 in Armour
  5086 | D:6      | Reached XP level 8. HP: 44/51 MP: 8/8
  5322 | D:7      | Reached skill level 6 in Fighting
  5324 | D:7      | Reached skill level 5 in Axes
  5453 | D:7      | Noticed a yak
  5472 | D:7      | Reached XP level 9. HP: 14/56 MP: 9/9
  5974 | D:7      | Found Surixenn's Magic Scroll Emporium.
  6403 | D:8      | Reached skill level 7 in Fighting
  6479 | D:8      | Reached **** piety under Trog
  6531 | D:8      | Reached skill level 5 in Dodging
  6551 | D:8      | Noticed a kobold demonologist
  6557 | D:8      | Noticed a rust devil
  6558 | D:8      | Noticed a smoke demon
  6575 | D:8      | Noticed an orange demon
  6577 | D:8      | Killed a kobold demonologist
  6784 | D:8      | Reached skill level 5 in Shields
  7078 | D:8      | Found an iron altar of Okawaru.
  7191 | D:8      | Noticed Maurice
  7197 | D:8      | Reached XP level 10. HP: 54/64 MP: 10/10
  7366 | D:8      | Found a hide-covered altar of Uskayaw.
  8263 | D:9      | Reached skill level 8 in Fighting
  8443 | D:9      | Found a staircase to the Lair.
  8599 | D:9      | Found a staircase to the Orcish Mines.
  8839 | D:9      | Found a stormy altar of Qazlal.
  8976 | D:9      | Found a burning altar of Makhleb.
  9201 | D:10     | Entered Level 10 of the Dungeon
  9686 | D:10     | Reached XP level 11. HP: 69/69 MP: 11/11
  9693 | D:10     | Reached skill level 9 in Fighting
  9907 | D:11     | Reached ***** piety under Trog
 10240 | D:11     | Killed an unseen horror
 10489 | D:11     | Found a basalt altar of Yredelemnul.
 11248 | D:12     | Noticed a two-headed ogre
 11264 | D:12     | Killed a two-headed ogre
 11608 | D:12     | Reached skill level 10 in Fighting
 11974 | D:12     | Noticed Nergalle
 12045 | D:12     | Killed Nergalle
 12045 | D:12     | Reached XP level 12. HP: 50/77 MP: 12/12
 12380 | D:12     | Noticed Nessos
 13027 | D:12     | Killed Nessos
 13027 | D:12     | Reached skill level 10 in Armour
 13215 | Lair:1   | Entered Level 1 of the Lair of Beasts
 13541 | Lair:1   | Noticed Gastronok
 13566 | Lair:1   | Killed Gastronok
 13641 | Lair:1   | Noticed Grum
 13667 | Lair:1   | Killed Grum
 14495 | Lair:2   | Found a staircase to the Snake Pit.
 14552 | Lair:2   | Reached skill level 11 in Fighting
 14846 | Lair:2   | Found a gate leading to a gauntlet.
 14865 | Gauntlet | Entered a Gauntlet
 14865 | Gauntlet | Found a transporter.
 14890 | Gauntlet | Found a transporter.
 14914 | Gauntlet | Found a transporter.
 14916 | Gauntlet | Found a large runed translucent door.
 14916 | Gauntlet | Found a large runed translucent door.
 14917 | Gauntlet | Found a large runed translucent door.
 14917 | Gauntlet | Found a large runed translucent door.
 14918 | Gauntlet | Found a large runed translucent door.
 14918 | Gauntlet | Found a runed translucent door.
 14918 | Gauntlet | Found a large runed translucent door.
 14918 | Gauntlet | Found a runed translucent door.
 14918 | Gauntlet | Found a large runed translucent door.
 14918 | Gauntlet | Found a large runed translucent door.
 14919 | Gauntlet | Found a large runed translucent door.
 14919 | Gauntlet | Found a large runed translucent door.
 14922 | Gauntlet | Found a transporter.
 14944 | Gauntlet | Found a transporter.
 14958 | Gauntlet | Found a large runed translucent door.
 14959 | Gauntlet | Found a large runed translucent door.
 14960 | Gauntlet | Found a large runed translucent door.
 14961 | Gauntlet | Found a runed translucent gate.
 14962 | Gauntlet | Found a transporter.
 14962 | Gauntlet | Found a runed translucent gate.
 14963 | Gauntlet | Found a runed translucent gate.
 14963 | Gauntlet | Noticed a death ooze
 14964 | Gauntlet | Found a large runed translucent door.
 14965 | Gauntlet | Found a large runed translucent door.
 14966 | Gauntlet | Found a large runed translucent door.
 14972 | Gauntlet | Noticed a hell beast
 14974 | Gauntlet | Found a transporter.
 14985 | Gauntlet | Noticed a cacodemon
 14986 | Gauntlet | Found a transporter.
 14998 | Gauntlet | Found a transporter.
 15010 | Gauntlet | Found a transporter.
 15028 | Gauntlet | Found a transporter.
 15048 | Gauntlet | Found a transporter.
 15050 | Gauntlet | Found a transporter.
 15092 | Gauntlet | Found a transporter.
 15094 | Gauntlet | Received a gift from Trog
 15114 | Gauntlet | Found a transporter.
 15114 | Gauntlet | Found a transporter.
 15116 | Gauntlet | Found a transporter.
 15309 | Gauntlet | Found a transporter.
 15343 | Gauntlet | Paralysed by a floating eye for 2 turns
 15349 | Gauntlet | Blown up by an eye of devastation

Levels and vault maps discovered:
D:1:      lightli_arrival_flooded_house, layout_loops_ring, st_stairs_7
D:2:      layout_rooms, old_standard_altar, marbit_many_paths,
          chequers_ecumenical_altar_simple_redux, uniq_robin, uniq_terence
D:3:      minmay_inner_zag, layout_loops_ring, vehumet_crystals,
          gammafunk_temple_overflow_wave, first_ration, lemuel_tele_altar
D:4:      layout_cave_pods, minmay_temple_entry_junction
D:5:      layout_loops_corners, nicolae_ru_awakened_eye, st_stairs_8
D:6:      layout_basic
D:7:      layout_gridville, serial_shops, shop, grunt_livestock
D:8:      layout_layer_cave, kennysheep_mini, okawaru_metal_pillars_1_2,
          uniq_maurice
D:9:      layout_roguey, makhleb_blood_cavern_becter, erik_lair_orcish_takeover,
          kennysheep_orc_monster_closet_entryway, grunt_qazlal_sundering
D:10:     layout_roguey, serial_bayou_crossing
D:11:     layout_small_grid, yredelemnul_altar_generic
D:12:     layout_grid_maze, corexii_leaking_fountain, onia_ninara_cookie,
          uniq_nessos, uniq_nergalle
Temple:   dpeg_chambers_temple
Lair:1:   layout_misc_corridors, cheibrodos_lair_caveside_slide,
          grunt_megastairs_1, uniq_grum, uniq_gastronok
Lair:2:   layout_chaotic_city, minmay_snake_entry_six_corridors,
          gauntlet_entry_generic, tgw_fedhas, minmay_lair_oklob_chamber
Gauntlet: gammafunk_gauntlet_one_two_three [gammafunk_gauntlet_arena_open,
          nicolae_gauntlet_arena_flowing_pool, gammafunk_gauntlet_arena_hedges,
          nicolae_gauntlet_swirl, gammafunk_gauntlet_arena_chambers,
          nicolae_gauntlet_arena_t_cross, gammafunk_gauntlet_arena_grid,
          minmay_gauntlet_arena_make_your_own_arena,
          gammafunk_gauntlet_arena_arrow_garden, gauntlet_exit_spiral]

Skill      XL: |  1  2  3  4  5  6  7  8  9 10 11 12 |
---------------+-------------------------------------+-----
Dodging        | 2 3 4 5 6 7 8 |  8.4
Axes           | 3 4 5 6 7 8 9 |  9.4
Armour         | 3 4 5 6 7 8 9 10 | 10.8
Fighting       | 4 5 6 7 8 10 11 | 11.1
Shields        | 2 3 5 7 8 9 |  9.8

Action                   |  1- 3 |  4- 6 |  7- 9 | 10-12 || total
-------------------------+-------+-------+-------+-------++-------
Melee: Hand axe          |   114 |   219 |     4 |       ||   337
       War axe           |       |       |   418 |  1132 ||  1550
       Broad axe         |       |       |       |     1 ||     1
Invok: Berserk           |       |     2 |     6 |    14 ||    22
       Trog's Hand       |       |       |     2 |    10 ||    12
       Brothers in Arms  |       |       |       |     3 ||     3
  Use: Scroll            |       |       |       |    22 ||    22
  Eat: Chunk             |     1 |     8 |    26 |    28 ||    63
       Ration            |       |       |     1 |     7 ||     8
Armor: Animal skin       |    25 |       |       |       ||    25
       Chain mail        |    35 |   171 |   295 |    90 ||   591
       Plate armour      |       |       |       |   929 ||   929
Dodge: Dodged            |    63 |    69 |   141 |   467 ||   740
Block: Shield            |    20 |    96 |   244 |   859 ||  1219
